 Dungeon Crawl Stone Soup version 0.31-a0-208-gdb31a4691d (webtiles) character file.

Game seed: 16120563089425265136

83 Dylgear the Shield-Bearer (level 4, -1/37 HPs)
             Began as a Formicid Fighter on June 28, 2023.
             Slain by Sigmund
             ... wielding a +0 scythe
              (9 damage)
             ... on level 3 of the Dungeon.
             The game lasted 00:05:25 (2094 turns).

Dylgear the Shield-Bearer (Formicid Fighter)        Turns: 2094, Time: 00:05:27

Health: -1/37      AC:  7    Str: 20    XL:     4   Next: 71%
Magic:  4/4        EV:  9    Int:  8    God:
Gold:   101        SH:  5    Dex: 15    Spells: 3/3 levels left

rFire   . . .        a - +1 war axe
rCold   . . .        c - +0 buckler
rNeg    . . .        b - +0 scale mail
rPois   .            (helmet unavailable)
rElec   .            (no cloak)
rCorr   .            (no gloves)
SInv    +            (no boots)
Will    .....        (no amulet) Stlth
                     (no ring)
HPRegen 0.26/turn    (no ring)
MPRegen 0.09/turn

%: no passive effects
@: mighty, lethally poisoned (-1 -> -5)
A: permanent stasis, dig shafts and tunnels, antennae 3, four strong arms
a: Dig, Shaft Self


You were on level 3 of the Dungeon.
You visited 1 branch of the dungeon, and saw 3 of its levels.

You collected 101 gold pieces.

Inventory:

Hand Weapons
 a - a +1 war axe (weapon)
Armour
 b - a +0 scale mail (worn)
 c - a +0 buckler (worn)
Scrolls
 e - 3 scrolls of identify
Potions
 f - a potion of mutation
 g - a potion of berserk rage
 h - a potion of magic {unknown}


   Skills:
 + Level 3.9 Fighting
 + Level 3.0 Axes
 + Level 3.7 Armour
 + Level 0.7 Dodging
 + Level 0.3 Stealth
 + Level 4.6 Shields


You had 3 spell levels left.
You didn't know any spells.
Your spell library contained the following spells:

 Spells                   Type           Power      Damage    Failure   Level
 Ozocubu's Armour         Ice            0%         N/A       99%         3
 Stone Arrow              Conj/Erth      0%         3d7       99%         3
 Animate Armour           Summ/Erth      0%         N/A       100%        4
 Ozocubu's Refrigeration  Ice            0%         4d7       100%        7
 Lehudib's Crystal Spear  Conj/Erth      0%         10d2      100%        8


Dungeon Overview and Level Annotations

Branches:
Dungeon (3/15)

Altars:

Shops:
D:3 !

Annotations:
D:3 Sigmund


Innate Abilities, Weirdness & Mutations

You cannot be hasted, slowed, berserked, paralysed or teleported.
You can dig through walls and to a lower floor.
You have a pair of large antennae on your head. (SInv)
Your four strong arms can wield two-handed weapons with a shield.


Message History

The adder hisses angrily.
Sigmund hits you with a +0 scythe.
The river rat bites you but does no damage.
A rat comes into view.
A river rat comes into view.
You see here a rat corpse.
You hit Sigmund.
Sigmund is moderately wounded.
You hit the river rat. The river rat bites you.
Sigmund hits you with a +0 scythe. You block the river rat's attack.
You barely miss Sigmund.
Sigmund is moderately wounded.
You hit the river rat. Sigmund closely misses you. The river rat bites you!
You closely miss Sigmund.
Sigmund is moderately wounded.
You closely miss the adder. You hit the river rat.
You kill the river rat!
The adder bites you.
Sigmund mumbles some strange words.
Sigmund flickers and vanishes for a moment.
The adder closely misses you.
Your Axes skill increases to level 3!
You slash Sigmund!
Sigmund is severely wounded.
You slash the adder! Sigmund hits you but does no damage.
The adder bites you but does no damage. The adder closely misses you.
You closely miss Sigmund.
Sigmund is severely wounded.
You closely miss the adder.
Sigmund points at you and mumbles some strange words.
The magic dart hits you.
* * * LOW HITPOINT WARNING * * *
You block the adder's attack.
You closely miss Sigmund.
Sigmund is severely wounded.
You closely miss the river rat. You completely miss the adder.
The adder bites you.
* * * LOW HITPOINT WARNING * * *
You are poisoned.
The adder poisons you! Sigmund hits you with a +0 scythe!
You die...

#..~~~..#
#.......#
#.##<...#
#.####..#
#.......#
####...########
#...........###
###########..!#
#.@.# {#@Sr# {
#~r.# ## {
~~~.# .# ~#~..#
{ #~~~..# #
#...# ##.#
~~... ...#


You could see Sigmund (invisible), an adder, a river rat and a rat.

Vanquished Creatures
  2 adders
  A river rat (D:3)
  3 worms (D:2)
  A dart slug (D:1)
  2 orcs (D:3)
  A bat (D:1)
  2 endoplasms
  A giant cockroach (D:1)
  5 goblins
  5 hobgoblins
  A quokka (D:2)
  6 ball pythons
  7 frilled lizards
  4 kobolds
  4 rats
45 creatures vanquished.

Notes
Turn   | Place    | Note
-------+----------+-------------------------------------------
     0 | D:1      | Dylgear the Formicid Fighter began the quest for the Orb.
     0 | D:1      | Reached XP level 1. HP: 18/18 MP: 1/1
     2 | D:1      | Noticed a formicid
     2 | D:1      | Noticed a demonspawn
     4 | D:1      | Noticed a demigod
    10 | D:1      | Noticed a naga
    10 | D:1      | Noticed an ogre
    12 | D:1      | Noticed a vine stalker
    12 | D:1      | Noticed an octopode
    14 | D:1      | Noticed an armataur
    14 | D:1      | Noticed a ghoul
    16 | D:1      | Noticed a human
    16 | D:1      | Noticed a meteoran
    18 | D:1      | Noticed a merfolk
    20 | D:1      | Noticed a spriggan
    22 | D:1      | Noticed a felid
    22 | D:1      | Noticed a gargoyle
    24 | D:1      | Noticed a draconian
    24 | D:1      | Noticed a troll
    26 | D:1      | Noticed a minotaur
    26 | D:1      | Noticed a vampire
    28 | D:1      | Noticed an ogre
    28 | D:1      | Noticed a tengu
    30 | D:1      | Noticed a vine stalker
    30 | D:1      | Noticed a gargoyle
    96 | D:1      | Reached XP level 2. HP: 24/24 MP: 2/2
   575 | D:1      | Reached XP level 3. HP: 27/30 MP: 3/3
  1899 | D:3      | Reached XP level 4. HP: 33/37 MP: 4/4
  2044 | D:3      | Found Ystruar's Distillery.
  2082 | D:3      | Noticed Sigmund
  2094 | D:3      | Slain by Sigmund

Illustrated notes

Levels and vault maps discovered:
D:1:      kb_arrival_jail, layout_loops_ring, minmay_lizard_pond
D:2:      layout_loops_corners
D:3:      layout_loops_cross, serial_shops, nicolae_shop_industrial_runoff,
          lightli_sewer_entry_pipes, uniq_sigmund, uniq_robin

Skill      XL: |  1  2  3  4 |
---------------+-------------+-----
Axes           | 3 |  3.0
Fighting       | |  3.9
Armour         | |  3.7
Dodging        | |  0.7
Stealth        | |  0.3
Shields        | |  4.6

Action                     |  1- 3 |  4- 6 || total
---------------------------+-------+-------++-------
  Melee: War axe           |   104 |    38 ||   142
Ability: Dig               |     1 |       ||     1
    Use: Scroll            |     8 |       ||     8
         Potion            |       |     1 ||     1
 Armour: Scale mail        |    47 |    18 ||    65
  Dodge: Dodged            |    48 |    26 ||    74
  Block: Buckler           |    29 |    12 ||    41

Table legend: (Time is in decaauts)
 A = Elapsed time spent in this place.
 B = Non-inter-level travel time spent in this place.
 C = Inter-level travel time spent in this place.
 D = Time resting spent in this place.
 E = Time spent auto-exploring this place.
 F = Levels seen in this place.
 G = Mean time per level.
                   A        B        C        D        E       F      G
               +--------+--------+--------+--------+--------+-----+--------+
         Total |   2154 |   2037 |    117 |    100 |   1358 |   3 |  718.0 |
       Dungeon |   2154 |   2037 |    117 |    100 |   1358 |   3 |  718.0 |
               +--------+--------+--------+--------+--------+-----+--------+

Top non-repeatable levels by time:
     D:2: 1089 daAuts
     D:1: 864 daAuts
     D:3: 200 daAuts
